 Dungeon Crawl Stone Soup version 0.23.1 (webtiles) character file.

Game seed: 5735896614055809033

56 Honeythief the Skirmisher (level 3, -7/30 HPs)
             Began as a Demonspawn Chaos Knight on Mar 9, 2019.
             Was a Plaything of Xom.
             Mangled by a worm (9 damage)
             ... on level 2 of the Dungeon.
             The game lasted 00:12:19 (1612 turns).

Honeythief the Skirmisher (Demonspawn Chaos Knight) Turns: 1612, Time: 00:12:20

Health: -7/30      AC:  7    Str: 13    XL:     3   Next: 71%
Magic:  3/3        EV:  8    Int: 17    God:    Xom [...*..]
Gold:   90         SH:  6    Dex: 12    Spells: 2/2 levels left

rFire    . . .     SeeInvis .   a - +0 falchion (chaos)
rCold    . . .     Gourm    .   d - +0 shield
rNeg     . . .     Faith    .   b - +2 leather armour
rPois    .         Spirit   .   (no helmet)
rElec    .         Reflect  .   f - +0 cloak
rCorr    .         Harm     .   (no gloves)
MR       .....                  (no boots)
Stlth    +.........             (no amulet)
HPRegen  0.10/turn              h - +4 ring of intelligence
MPRegen  0.08/turn              (no ring)

@: no status effects
A: rugged brown scales 1
a: Renounce Religion


You were on level 2 of the Dungeon.
You worshipped Xom.
You were a favourite toy of Xom.
You were not hungry.

You visited 1 branch of the dungeon, and saw 2 of its levels.

You collected 90 gold pieces.

Inventory:

Hand Weapons
 a - a +0 falchion of chaos (weapon)
 j - a +0 hunting sling
Missiles
 i - 62 bolts
 l - 28 stones (quivered)
 q - 11 poisoned needles
Armour
 b - a +2 leather armour (worn)
 d - a +0 shield (worn)
 f - a +0 cloak (worn)
 n - a +0 ring mail
Jewellery
 h - a +4 ring of intelligence (left hand)
Scrolls
 o - a scroll of remove curse
 p - a scroll of identify {unknown}
Potions
 g - a potion of cancellation {unknown}
 m - a potion of degeneration {unknown}
 r - a potion of heal wounds {unknown}
Comestibles
 c - a ration
 k - 2 chunks of flesh


   Skills:
 * Level 3.6 Fighting
 + Level 3.6 Long Blades
 + Level 1.9 Armour
 + Level 1.1 Dodging
 + Level 0.1 Shields


You had 2 spell levels left.
You didn't know any spells.
Your spell library was empty.

Dungeon Overview and Level Annotations

Branches:
Dungeon (2/15)

Altars:


Innate Abilities, Weirdness & Mutations

You are partially covered in rugged brown scales. (AC +1, +3% HP)


Message History

Attack!
The worm barely misses you.
You hit the worm.
The worm briefly looks nauseous.
The worm is moderately wounded.
You hit the worm. You burn the worm.
The worm is heavily wounded.
The worm bites you but does no damage.
You barely miss the worm.
The worm is heavily wounded.
The worm bites you but does no damage.
You hit the worm but do no damage.
The worm flickers and vanishes!
Deactivating autopickup; reactivate with Ctrl-A.
Something bites you!
You start resting.
Something bites you!
* * * LOW HITPOINT WARNING * * *
You hit something but do no damage.
Your butterfly disappears in a puff of smoke!
You closely miss something. Something bites you but does no damage.
You barely miss something. Something bites you!
You die...

# ###### .....# #..#.## #.
##....# #.. .##...#
#######... ##....#
#####......... #.....#
#####...........##
......#####.....@{.........#
......##....##.#............
.........#####.#............
.......#.......#.........b..
.........########........?.#
............# ...........##
.....######.##.........####
.##.... ##.##...#.##...
.###### ........... .#.#


There were no monsters in sight!

Vanquished Creatures
  An adder (D:2)
  2 leopard geckos (D:1)
  4 giant cockroaches
  5 goblins
  4 hobgoblins
  8 jackals (D:2)
  4 kobolds
  5 bats
  3 frilled lizards
  5 rats
41 creatures vanquished.

Notes
Turn   | Place    | Note
-------+----------+-------------------------------------------
     0 | D:1      | Honeythief the Demonspawn Chaos Knight began the quest for
                  | the Orb.
     0 | D:1      | Reached XP level 1. HP: 18/18 MP: 1/1
   120 | D:1      | XOM: harmless Erth miscast
   148 | D:1      | Gained mutation: You are partially covered in rugged brown
                  | scales. (AC +1, +3% HP) [demonic ancestry]
   148 | D:1      | Reached XP level 2. HP: 18/24 MP: 2/2
  1131 | D:2      | XOM: potion effect (agility)
  1160 | D:2      | Reached XP level 3. HP: 29/29 MP: 3/3
  1233 | D:2      | XOM: smoke on damage
  1235 | D:2      | Reached skill level 1 in Dodging
  1236 | D:2      | XOM: smoke on damage
  1596 | D:2      | XOM: butterfly on damage
  1608 | D:2      | HP: 1/30 [something (11)]
  1612 | D:2      | Mangled by a worm

Skill      XL: |  1  2  3 |
---------------+----------+-----
Long Blades    | 3 |  3.6
Dodging        | 1 |  1.1
Fighting       | |  3.6
Armour         | |  1.9
Shields        | |  0.1

Action                   || total
-------------------------++-------
Melee: Falchion          ||   120
Throw: Stone             ||     3
  Use: Scroll            ||     1
 Stab: Paralysed         ||     1
       Sleeping          ||     1
  Eat: Chunk             ||     2
Armor: Leather armour    ||    63
Dodge: Dodged            ||    63
Block: Shield            ||    48
       Rpst.: Falchion   ||    17
